 Dungeon Crawl Stone Soup version 0.27-a0-277-g024f7ef292 (webtiles) character file.

Game seed: 9565845550920942610

764 siradein the Firebug (level 7, 0/50 HPs)
             Began as a Black Draconian Fire Elementalist on Feb 5, 2021.
             Slain by a lemure (1 damage)
             ... led by Pikel
             ... on level 4 of the Dungeon.
             The game lasted 00:17:51 (5462 turns).

siradein the Firebug (DrFE)                         Turns: 5462, Time: 00:17:51

Health: 0/50       AC:  8    Str: 10    XL:     7   Next: 51%
Magic:  10/10      EV: 12    Int: 18    God:
Gold:   267        SH:  0    Dex: 11    Spells: 3/10 levels left

rFire    . . .     SeeInvis .   g - +2 whip (venom)
rCold    . . .     Faith    .   (no shield)
rNeg     . . .     Spirit   .   (armour unavailable)
rPois    .         Reflect  .   l - +2 hat
rElec    +         Harm     .   (no cloak)
rCorr    .         Rampage  .   (no gloves)
Will     .....                  (no boots)
Stlth    ++........             (no amulet)
HPRegen  0.16/turn              (no ring)
MPRegen  0.12/turn              (no ring)

@: no status effects
A: breathe lightning, unfitting armour, electricity resistance, cold-blooded, AC
+6
a: Breathe Lightning


You were on level 4 of the Dungeon.
You visited 1 branch of the dungeon, and saw 5 of its levels.

You collected 267 gold pieces.

Inventory:

Hand Weapons
 g - a +2 whip of venom (weapon)
Armour
 l - a +2 hat (worn)
 p - a +0 tower shield
Jewellery
 v - an uncursed ring of protection from fire {unknown}
Wands
 x - a wand of iceblast (5)
Scrolls
 c - a scroll of fog {unknown}
 e - 2 scrolls of teleportation {unknown}
 f - 8 scrolls of identify {unknown}
 h - a scroll of random uselessness {unknown}
 i - 2 scrolls of remove curse {unknown}
 j - 2 scrolls of enchant armour {unknown}
 k - 2 scrolls of enchant weapon {unknown}
 o - a scroll of magic mapping {unknown}
 s - a scroll of noise {unknown}
 w - a scroll of blinking {unknown}
Potions
 a - 5 potions of curing {unknown}
 b - 2 potions of degeneration {unknown}
 d - a potion of might {unknown}
 m - 3 potions of flight {unknown}
 n - a potion of cancellation {unknown}
 q - a potion of ambrosia {unknown}
 r - a potion of mutation {unknown}
 t - 2 potions of haste {unknown}
 u - a potion of heal wounds {unknown}


   Skills:
 - Level 1.7 Dodging
 - Level 1.7 Stealth
 - Level 2.0 Spellcasting
 + Level 5.9 Conjurations
 + Level 6.6 Fire Magic


You had 3 spell levels left.
You knew the following spells:

 Your Spells              Type           Power        Failure   Level
a - Foxfire               Conj/Fire      96%          1%          1
b - Conjure Flame         Conj/Fire      24%          4%          3
c - Inner Flame           Hex/Fire       13%          14%         3

Your spell library contained the following spells:

 Spells                   Type           Power        Failure   Level
 Sticky Flame             Conj/Fire      24%          14%         4
 Fireball                 Conj/Fire      12%          36%         5


Dungeon Overview and Level Annotations

Branches:
Dungeon (5/15)
 Temple: D:4-7

Altars:

Shops:
D:4 (

Annotations:
D:4 Pikel


Innate Abilities, Weirdness & Mutations

You can breathe wild blasts of lightning.
Your glossy black scales are hard. (AC +6)
You cannot fit into any form of body armour.
You are resistant to electric shocks. (rElec)
You are cold-blooded and may be slowed by cold attacks.


Message History

Pikel hits you with a +0 whip of freezing.
Pikel freezes you. The lemure hits you.
Pikel hits you with a +0 whip of freezing!
* * * LOW HITPOINT WARNING * * *
Pikel freezes you.
* * * LOW HITPOINT WARNING * * *
The lemure closely misses you.
You hit the lemure.
The lemure is poisoned.
The lemure is lightly wounded.
You feel yourself speed up. Pikel closely misses you. The lemure misses you.
You closely miss the lemure.
The lemure is lightly wounded.
Pikel looks more healthy.
Pikel hits you with a +0 whip of freezing.
* * * LOW HITPOINT WARNING * * *
Pikel freezes you.
* * * LOW HITPOINT WARNING * * *
The lemure hits you.
You die...

#........##.#.#####
#.######..........##
#.# #..............#
#.# #.##...........#
#.###.########.....#
#...#..## #.....#
###.#...# ##.....#
#.#########......#
#.##∩#...@K.....##
#.##'#####5.....#
#.#.............#
#####.#...####.(....#
#.....#...#....#.##.#
##.####...#......##.#
#.##.....#......##.#
#.##.....#^.....##>#
#.####...#.##.#.##.#


You could see Pikel and a lemure (very poisoned).

Vanquished Creatures
  An ice beast (D:4)
  An ogre (D:5)
  3 lemures (D:5)
  A phantom (D:4)
  A scorpion (D:4)
  2 bullfrog zombies (D:5)
  2 hounds
  A centaur skeleton (D:5)
  A bullfrog skeleton (D:5)
  Jessica (D:2)
  Ijyb (D:5)
  3 orc wizards (D:4)
  A worker ant (D:4)
  A howler monkey skeleton (D:4)
  4 adders
  An adder skeleton (D:4)
  A worm (D:2)
  A dart slug (D:1)
  5 leopard geckos
  8 orcs
  2 ball pythons
  4 giant cockroaches
  7 goblins
  6 hobgoblins
  4 jackals (D:3)
  2 quokkas
  3 bats
  3 frilled lizards
  7 kobolds
  A quokka skeleton (D:5)
  6 rats
85 creatures vanquished.

Vanquished Creatures (others)
  291 foxfires
291 creatures vanquished.

Grand Total: 376 creatures vanquished

Notes
Turn   | Place    | Note
-------+----------+-------------------------------------------
     0 | D:1      | siradein the Draconian Fire Elementalist began the quest
                  | for the Orb.
     0 | D:1      | Reached XP level 1. HP: 14/14 MP: 3/3
   395 | D:1      | Reached XP level 2. HP: 20/20 MP: 1/5
  1232 | D:2      | Noticed Jessica
  1236 | D:2      | Killed Jessica
  1237 | D:2      | Reached XP level 3. HP: 26/26 MP: 3/6
  1354 | D:2      | Reached skill level 4 in Fire Magic
  1449 | D:2      | Reached XP level 4. HP: 33/33 MP: 2/7
  1844 | D:2      | Learned a level 3 spell: Conjure Flame
  1848 | D:2      | Learned a level 3 spell: Inner Flame
  2404 | D:3      | Reached XP level 5. HP: 37/38 MP: 5/8
  2865 | D:4      | Found Vasaxem's Weapon Shoppe.
  2948 | D:4      | Noticed a phantom
  2971 | D:4      | Killed a phantom
  2972 | D:4      | Reached skill level 5 in Fire Magic
  3139 | D:4      | Reached XP level 6. HP: 45/45 MP: 6/9
  4509 | D:5      | Entered Level 5 of the Dungeon
  4518 | D:5      | Reached skill level 5 in Conjurations
  4593 | D:5      | Reached skill level 6 in Fire Magic
  4653 | D:5      | Noticed Ijyb
  4664 | D:5      | Killed Ijyb
  4665 | D:5      | Your scales start taking on a glossy black colour.
  4665 | D:5      | Reached XP level 7. HP: 46/50 MP: 5/10
  4665 | D:5      | Gained mutation: You are resistant to electric shocks.
                  | (rElec) [Black Draconian growth]
  4762 | D:5      | Noticed Pikel
  5462 | D:4      | HP: 2/50 [Pikel/+0 whip of freezing (5)]
  5462 | D:4      | Slain by a lemure

Illustrated notes

Levels and vault maps discovered:
D:1:      sevenhm_arrival_forest_fort_large_2, layout_basic, st_stairs_2
D:2:      layout_basic, uniq_jessica
D:3:      layout_basic
D:4:      layout_basic, serial_glass, glass_columns_c, glass_columns_b,
          serial_shops, nicolae_shop_window_shopping
D:5:      layout_rooms, grunt_temple_overflow_open,
          nicolae_overflow_hidden_temple, uniq_crazy_yiuf_cottage, uniq_pikel,
          uniq_ijyb, uniq_blork_the_orc, uniq_grinder

Skill      XL: |  1  2  3  4  5  6 |
---------------+-------------------+-----
Conjurations   | 2 3 4 5 |  5.9
Fire Magic     | 4 5 6 |  6.6
Dodging        | |  1.7
Stealth        | |  1.7
Spellcasting   | |  2.0

Action                   |  1- 3 |  4- 6 |  7- 9 || total
-------------------------+-------+-------+-------++-------
Melee: Whip              |     5 |    49 |    13 ||    67
       Tailslap          |     1 |     6 |     2 ||     9
 Cast: Foxfire           |    43 |    82 |    48 ||   173
       Conjure Flame     |       |     1 |       ||     1
       Inner Flame       |       |       |     2 ||     2
 Stab: Sleeping          |     1 |       |       ||     1
Armor: Skin              |     2 |    28 |    11 ||    41
Dodge: Dodged            |     9 |    41 |    27 ||    77

Table legend: (Time is in decaauts)
 A = Elapsed time spent in this place.
 B = Non-inter-level travel time spent in this place.
 C = Inter-level travel time spent in this place.
 D = Time resting spent in this place.
 E = Time spent auto-exploring this place.
 F = Levels seen in this place.
 G = Mean time per level.
                   A        B        C        D        E       F      G
               +--------+--------+--------+--------+--------+-----+--------+
         Total |   5473 |   5269 |    204 |     65 |   4239 |   5 | 1094.6 |
       Dungeon |   5473 |   5269 |    204 |     65 |   4239 |   5 | 1094.6 |
               +--------+--------+--------+--------+--------+-----+--------+

Top non-repeatable levels by time:
     D:4: 2032 daAuts
     D:1: 1220 daAuts
     D:3: 905 daAuts
     D:2: 691 daAuts
     D:5: 623 daAuts
